 Dungeon Crawl Stone Soup version 0.25.1-2-g60ff931df9 (webtiles) character file.

Game seed: 7718609214504787643

656 BroShek the Insei (level 7, -2/46 HPs)
             Began as an Octopode Transmuter on Nov 8, 2020.
             Slain by an ice beast (9 damage)
             ... on level 5 of the Dungeon.
             The game lasted 00:18:42 (5132 turns).

BroShek the Insei (Octopode Transmuter)             Turns: 5132, Time: 00:18:43

Health: -2/46      AC:  1    Str: 17    XL:     7   Next: 55%
Magic:  10/12      EV: 14    Int: 16    God:
Gold:   241        SH:  0    Dex: 12    Spells: 3/13 levels left

rFire    . . .     SeeInvis .     - Unarmed
rCold    . . .     Gourm    .   (no shield)
rNeg     . . .     Faith    .   (helmet restricted)
rPois    .         Spirit   .   (no amulet)
rElec    .         Reflect  .   e - +6 ring of strength
rCorr    .         Harm     .   (no ring)
MR       .....                  (no ring)
Stlth    ++........             (no ring)
HPRegen  0.15/turn              (no ring)
MPRegen  0.13/turn              (no ring)
                                (no ring)
                                (no ring)

@: no status effects
A: almost no armour, stealthy swim, amphibious, 8 rings, constrict 8, camouflage
1, gelatinous body 1
a: no special abilities


You were on level 5 of the Dungeon.
You were not hungry.

You visited 1 branch of the dungeon, and saw 5 of its levels.

You collected 241 gold pieces.

Inventory:

Missiles
 a - 53 arrows
Jewellery
 e - a +6 ring of strength (left tentacle)
Wands
 i - a wand of flame (3)
 o - a wand of clouds (2)
Scrolls
 d - a scroll of fear {unknown}
 g - 3 scrolls of magic mapping
 h - a scroll of fog {unknown}
 j - a scroll of teleportation
 k - a scroll of enchant armour {unknown}
 l - a scroll of remove curse
 n - 2 scrolls of identify
 s - a scroll of amnesia {unknown}
Potions
 b - 2 potions of stabbing {unknown}
 f - a potion of flight {unknown}
 p - 3 potions of curing {unknown}
 q - 2 potions of lignification {unknown}
 r - a potion of haste {unknown}
 t - a potion of degeneration {unknown}
Comestibles
 c - 7 rations


   Skills:
 + Level 3.2 Fighting
 + Level 3.7 Dodging
 + Level 4.5 Unarmed Combat
 + Level 3.6 Spellcasting
 + Level 3.7 Transmutations
 - Level 3.0 Poison Magic


You had 3 spell levels left.
You knew the following spells:

 Your Spells              Type           Power        Failure   Level  Hunger
a - Beastly Appendage     Tmut           ##....       3%          1    None
b - Sticks to Snakes      Tmut           ##......     6%          2    ##.....
c - Spider Form           Tmut/Pois      ##........   13%         3    ###....
d - Ice Form              Ice/Tmut       #.......     63%         4    ####...

Your spell library contained the following spells:

 Spells                   Type           Power        Failure   Level  Hunger
 Animate Skeleton         Necr           N/A          17%         1    None
 Apportation              Tloc           #.....       17%         1    None
 Corona                   Hex            #......      17%         1    None
 Magic Dart               Conj           #...         17%         1    None
 Summon Small Mammal      Summ           #...         17%         1    None
 Searing Ray              Conj           #.....       26%         2    ##.....
 Dazzling Flash           Conj/Hex       #.....       45%         3    ###....
 Blade Hands              Tmut           ##........   71%         5    ######.
 Fulminant Prism          Conj/Hex       #.........   86%         4    ####...
 Iskenderun's Mystic Bla  Conj/Tloc      #.......     86%         4    ####...


Dungeon Overview and Level Annotations

Branches:
Dungeon (5/15)
 Temple: D:4-7

Altars:
Qazlal
Trog
Vehumet


Innate Abilities, Weirdness & Mutations

You cannot wear most types of armour.
You are very stealthy in the water. (Stealth+)
You are amphibious.
You can wear up to eight rings at the same time.
You can use your tentacles to constrict eight enemies at once.
Your skin changes colour to match your surroundings (Stealth+).
Your rubbery body absorbs attacks. (AC +1, EV +1)


Message History

The ice beast is heavily wounded.
The ice beast hits you. The ice beast freezes you!
You hit the ice beast but do no damage.
The ice beast is heavily wounded.
The ice beast closely misses you.
You hit the ice beast.
The ice beast is severely wounded.
The ice beast hits you. The ice beast freezes you!
* * * LOW HITPOINT WARNING * * *
The ice beast misses you.
Your transformation is almost over.
Your transformation has ended.
A phantom comes into view.
The phantom blinks!
The phantom moves out of view.
Casting: Spider Form (dangerous; 13% risk of failure)
Confirm with . or Enter, or press ? or * to list all spells.
You create a snake!
You now have 53 arrows.
The ice beast hits you.
* * * LOW HITPOINT WARNING * * *
The ice beast freezes you!
You die...

####.#####..####.######
................>.....#
###.........#.#.......#
#...........#.......#
#........รท..##.######
#...........##.#
#...........##.#
###.........#.##S#
............#.##@#
.....########.##Y#
.....# #.....##.###...
.....# #..............W
.....# #......#.###....
.....####........# #.
.....##.....).#..#
#######...#####..#
#.......##..#


You could see an ice beast and a friendly ball python.

Vanquished Creatures
  A crimson imp (D:5)
  5 orc priests (D:4)
  3 hounds (D:4)
  2 orc wizards (D:4)
  A centaur skeleton (D:4)
  An iguana (D:4)
  Ijyb (D:4)
  A worker ant (D:4)
  A hound skeleton (D:5)
  A worker ant zombie (D:5)
  3 gnolls (D:4)
  6 adders
  An ooze (D:1)
  An adder skeleton (D:5)
  3 worms
  A dart slug (D:4)
  3 leopard geckos
  17 orcs
  16 bats
  6 giant cockroaches
  7 goblins
  6 hobgoblins
  5 jackals
  7 kobolds
  4 quokkas
  4 frilled lizards
  A quokka skeleton (D:5)
  6 rats
114 creatures vanquished.

Vanquished Creatures (collateral kills)
  A gnoll (D:4)
1 creature vanquished.

Vanquished Creatures (others)
  A wizard (D:3)
1 creature vanquished.

Grand Total: 116 creatures vanquished

Notes
Turn   | Place    | Note
-------+----------+-------------------------------------------
     0 | D:1      | BroShek the Octopode Transmuter began the quest for the
                  | Orb.
     0 | D:1      | Reached XP level 1. HP: 13/13 MP: 3/3
   202 | D:1      | Reached XP level 2. HP: 18/18 MP: 5/5
   206 | D:1      | Learned a level 2 spell: Sticks to Snakes
  1146 | D:1      | Reached XP level 3. HP: 23/23 MP: 6/6
  1216 | D:1      | Learned a level 3 spell: Spider Form
  1275 | D:2      | Found a radiant altar of Vehumet.
  1584 | D:2      | Reached XP level 4. HP: 24/29 MP: 5/7
  1990 | D:2      | Reached skill level 1 in Poison Magic
  2248 | D:3      | Found a stormy altar of Qazlal.
  2692 | D:3      | Reached XP level 5. HP: 34/34 MP: 7/9
  3122 | D:3      | Found a bloodstained altar of Trog.
  3123 | D:3      | Noticed a wizard
  3128 | D:3      | Killed a wizard
  3298 | D:4      | Noticed Ijyb
  3307 | D:4      | Killed Ijyb
  3678 | D:4      | Reached XP level 6. HP: 40/40 MP: 6/10
  3684 | D:4      | Learned a level 4 spell: Ice Form
  3815 | D:4      | Reached skill level 4 in Unarmed Combat
  4090 | D:4      | HP: 2/41 [orc priest/divine providence (16)]
  4093 | D:4      | Reached XP level 7. HP: 3/45 MP: 8/12
  4096 | D:5      | Entered Level 5 of the Dungeon
  5132 | D:5      | Slain by an ice beast

Illustrated notes

Levels and vault maps discovered:
D:1:      minmay_arrival_four_circles, layout_basic, minmay_tetromino_i4
D:2:      layout_loops_cross, vehumet_crystals
D:3:      corexii_shack_village, layout_loops_ring,
          nicolae_qazlal_general_emergency, trog_wizard
D:4:      layout_loops_ring, uniq_ijyb
D:5:      layout_basic, kennysheep_little_box, first_ration

Skill      XL: |  1  2  3  4  5  6  7 |
---------------+----------------------+-----
Poison Magic   | 1 2 3 |  3.0
Fighting       | 2 3 |  3.2
Dodging        | 3 |  3.7
Spellcasting   | 3 |  3.6
Transmutations | 3 |  3.7
Unarmed Combat | 4 |  4.5

Action                   |  1- 3 |  4- 6 |  7- 9 || total
-------------------------+-------+-------+-------++-------
Melee: Unarmed           |    68 |   123 |    52 ||   243
       Constrict         |    20 |    41 |    12 ||    73
       Tentacles         |     8 |    20 |    13 ||    41
       Kick              |     5 |    26 |     9 ||    40
       Punch             |       |     3 |     1 ||     4
 Cast: Beastly Appendage |     9 |    23 |     6 ||    38
       Sticks to Snakes  |       |     8 |     5 ||    13
       Spider Form       |       |     1 |     2 ||     3
Evoke: Wand              |       |    15 |       ||    15
  Use: Scroll            |       |     5 |     1 ||     6
 Stab: Sleeping          |     6 |     5 |     1 ||    12
  Eat: Chunk             |     2 |     9 |     3 ||    14
Armor: Skin              |     9 |    11 |     3 ||    23
Dodge: Dodged            |    49 |    75 |    35 ||   159
